 Dungeon Crawl Stone Soup version 0.29.0-4-gdea44cf6ec (webtiles) character file.

Game seed: 9130370541933192653

5915 qw the Severer (level 10, -23/86 (91) HPs)
             Began as a Minotaur Fighter on Sept 4, 2022.
             Was an Initiate of Ru.
             Annihilated by Erolcha
             ... wielding a +0 giant club
              (41 damage)
             ... on level 9 of the Dungeon.
             The game lasted 00:03:52 (9585 turns).

qw the Severer (Minotaur Fighter)                   Turns: 9585, Time: 00:03:53

HP:   -23/86 (91)   AC: 11    Str: 25    XL:     10   Next: 53%
MP:   0/9           EV: 11    Int:  5    God:    Ru [......]
Gold: 388           SH:  5    Dex: 10    Spells: 9/9 levels left

rFire   + . .      SeeInvis .   Y - +2 broad axe (flame)
rCold   . . .      Faith    .   c - +0 buckler
rNeg    + . .      Spirit   +   s - +0 swamp dragon scales
rPois   +          Reflect  .   (helmet restricted)
rElec   .          Harm     .   j - +0 cloak
rCorr   .          Rampage  .   i - +0 pair of gloves
Will    .....                   (no boots)
Stlth   ..........              o - amulet of guardian spirit
HPRegen 0.24/turn               k - ring of protection from fire
MPRegen 0.11/turn               u - ring of positive energy

@: about to teleport, drained
A: horns 2, retaliatory headbutt
a: Renounce Religion


You were on level 9 of the Dungeon.
You worshipped Ru.
Ru was noncommittal.
You visited 2 branches of the dungeon, and saw 10 of its levels.

You collected 490 gold pieces.
You spent 102 gold pieces at shops.


Innate Abilities, Weirdness & Mutations

You have a pair of horns on your head.
You reflexively headbutt those who attack you in melee.


   Skills:
 - Level 9.0 Fighting
 + Level 15.3 Axes
 - Level 1.8 Throwing
 - Level 5.0 Armour
 - Level 3.4 Dodging
 - Level 6.0 Shields


You had 9 spell levels left.
You didn't know any spells.
Your spell library was empty.

Inventory:

Hand Weapons
 Y - a +2 broad axe of flaming (weapon)
Missiles
 a - 7 boomerangs (quivered)
Armour
 c - a +0 buckler (worn)
 e - a +0 chain mail
 i - a +0 pair of gloves (worn)
 j - a +0 cloak (worn)
 s - +0 swamp dragon scales (worn)
Jewellery
 k - a ring of protection from fire (left hand)
 o - an amulet of guardian spirit (around neck)
 u - a ring of positive energy (right hand)
Scrolls
 q - a scroll of identify
Potions
 d - a potion of might
 g - 5 potions of curing
 l - a potion of mutation {unknown}
 m - a potion of heal wounds
 n - a potion of attraction {unknown}
 p - a potion of magic {unknown}
 r - a potion of resistance {unknown}

Dungeon Overview and Level Annotations

Branches:
Dungeon (9/15)             Temple (1/1) D:7            Lair (0/5) D:8
    Orc (0/2) D:9

Altars:
Ashenzari
Cheibriados
Dithmenos
Elyvilon
Gozag
Hepliaklqana
Kikubaaqudgha
Makhleb
Nemelex Xobeh
Okawaru
Qazlal
Ru
Trog
Vehumet
Wu Jian
Xom
Yredelemnul
Zin

Shops:
D:3 [=   D:4 *   D:6 :

Annotations:
D:9 Erolcha


Message History

You barely miss the wight. You block the killer bee's attack.
The killer bee stings you but does no damage.
The wight hits you with a +0 great sword!
You partially resist.
You feel drained.
You are constricted!
The killer bee closely misses you. You block the killer bee's attack.
The grasping roots release their grip on you.
You barely miss the killer bee. Your headbutt misses the killer bee.
The killer bee is severely wounded.
You slash the killer bee! You burn the killer bee.
You kill the killer bee!
You hit the wight but do no damage. The killer bee misses you.
You block the wight's attack.
You slice the killer bee!! You burn the killer bee.
You kill the killer bee!
You closely miss something. You slash the wight! You burn the wight.
Something hits you!
The wight hits you with a +0 great sword!
You partially resist.
You feel drained.
The wight hits you from afar with a +4 trident.
You partially resist.
You feel drained.
The wight hits you from afar with a +3 spear.
You slice the wight!! You burn the wight.
You destroy the wight!
You completely miss something. The wight closely misses you.
The wight hits you from afar with a +3 spear.
You partially resist.
You feel drained.
9584 ||| READING scroll of teleportation.
As you read the scroll of teleportation, it crumbles to dust.
You feel strangely unstable. Something hits you!
The wight closely misses you. x2; You furiously retaliate!
You headbutt the wight. The wight hits you with a +2 battleaxe.
You partially resist.
You feel drained. The wight barely misses you.
9585 ||| DRINKING 2 potions of heal wounds.
You feel much better.
A two-headed ogre comes into view.
It is wielding a +0 giant spiked club and a +0 giant club.
The wight hits you with a +5 dagger! You block the wight's attack.
Something hits you!!!
You die...

## ##. #.. #.# #
#.######..#
##....z.....
#...@%z....O
#.####...zz......
#.........>......
#####.<..........
#............
#.....)...?..
#.#..........
..##.........
.#.. ######


You could see a two-headed ogre (wandering) and 4 wights.

Vanquished Creatures
  Pikel (D:6)
  Joseph (D:7)
  Maggie (D:7)
  A troll (D:8)
  4 yaks
  2 steam dragons
  Edmund (D:4)
  2 water moccasins
  4 black bears (D:5)
  An orc warrior (D:8)
  A sky beast (D:6)
  An ice beast (D:7)
  3 ogres
  3 wolves (D:8)
  2 centaurs
  A phantom (D:5)
  A lemure (D:6)
  2 kobold brigands
  A bullfrog (D:7)
  3 necrophages
  5 wights
  15 killer bees
  3 electric eels (D:8)
  4 howler monkeys
  7 hounds
  An orc priest (D:8)
  2 iguanas (D:5)
  2 orc wizards
  4 adders
  4 gnolls (D:3)
  A shadow imp (D:7)
  5 white imps
  3 worms (D:4)
  6 dart slugs
  27 orcs
  4 bats
  3 bat zombies (D:3)
  10 endoplasms
  4 giant cockroaches
  7 goblins
  12 hobgoblins
  6 quokkas
  8 ball pythons
  4 frilled lizards
  13 kobolds
  7 rats
  2 rat zombies (D:3)
205 creatures vanquished.

Vanquished Creatures (others)
  9 plants (D:5)
9 creatures vanquished.

Grand Total: 214 creatures vanquished

Notes
Turn   | Place    | Note
-------+----------+-------------------------------------------
     0 | D:1      | qw the Minotaur Fighter began the quest for the Orb.
     0 | D:1      | Reached XP level 1. HP: 19/19 MP: 0/0
     0 | D:1      | 0 ||| qw: Version: 0.1-a-103-gd6f5d3a
     0 | D:1      | 0 ||| qw: Game counter: 5675
     0 | D:1      | 0 ||| qw: Always use a shield: true
     0 | D:1      | 0 ||| qw: God list: Ru
     0 | D:1      | 0 ||| qw: Allow faded altars: false
     0 | D:1      | 0 ||| qw: Do Orc after D:15 true
     0 | D:1      | 0 ||| qw: Do second Lair branch before Depths: true
     0 | D:1      | 0 ||| qw: Lair rune preference: random
     0 | D:1      | 0 ||| qw: Plans: Normal
     0 | D:1      | 0 ||| PLANNING D:1-11
    52 | D:1      | Reached skill level 3 in Axes
   101 | D:1      | Reached XP level 2. HP: 25/26 MP: 1/1
   285 | D:1      | 285 ||| Stepping ~*~*~tactically~*~*~ (stealth).
   424 | D:1      | Reached skill level 4 in Axes
   462 | D:1      | Reached XP level 3. HP: 27/31 MP: 2/2
   501 | D:1      | 501 ||| Stepping ~*~*~tactically~*~*~ (stealth).
   775 | D:1      | 775 ||| READING scroll labelled EKHIGESIRU.
   808 | D:2      | 808 ||| STAIRDANCE
   819 | D:2      | 819 ||| STAIRDANCE
   824 | D:2      | 824 ||| STAIRDANCE
   970 | D:2      | 970 ||| Stepping ~*~*~tactically~*~*~ (hiding).
   974 | D:2      | 974 ||| Stepping ~*~*~tactically~*~*~ (hiding).
  1074 | D:2      | 1074 ||| Stepping ~*~*~tactically~*~*~ (stealth).
  1088 | D:2      | Reached skill level 5 in Axes
  1195 | D:2      | Noticed a shining eye
  1199 | D:2      | Noticed a floating eye
  1203 | D:2      | Found a faded altar of an unknown god.
  1205 | D:2      | Noticed a great orb of eyes
  1205 | D:2      | Noticed a floating eye
  1299 | D:2      | Reached skill level 1 in Dodging
  1299 | D:2      | Reached XP level 4. HP: 35/39 MP: 3/3
  1416 | D:2      | 1416 ||| DROPPING orb of guile.
  1417 | D:2      | 1417 ||| UPGRADING to ring of protection from fire.
  1418 | D:2      | 1418 ||| READING scroll labelled BUROLI CAKEUBA.
  1552 | D:2      | 1552 ||| READING 3 scrolls labelled GUOCEY URHO.
  1556 | D:2      | 1556 ||| READING scroll labelled ROASSA RESSOL.
  1557 | D:2      | 1557 ||| DRINKING 3 silvery potions.
  1558 | D:2      | 1558 ||| DRINKING 2 amethyst potions.
  1559 | D:2      | 1559 ||| DROPPING potion of degeneration.
  1585 | D:3      | Noticed an ogre
  1590 | D:3      | Killed an ogre
  1591 | D:3      | Reached skill level 6 in Axes
  1591 | D:3      | Reached XP level 5. HP: 23/45 MP: 4/4
  1592 | D:3      | 1592 ||| FLEEEEING.
  1594 | D:3      | 1594 ||| STAIRDANCE
  1742 | D:3      | 1742 ||| STAIRDANCE
  1766 | D:3      | 1766 ||| Stepping ~*~*~tactically~*~*~ (stealth).
  1773 | D:3      | Found Dehing's Armour Boutique.
  1804 | D:3      | 1804 ||| BUYING +0 pair of gloves (63 gold).
  1804 | D:3      | Bought a +0 pair of gloves for 63 gold pieces
  1804 | D:3      | 1804 ||| SHOPLISTING +1 pair of boots of flying (231 gold,
                  | have 79).
  1804 | D:3      | 1804 ||| SHOPLISTING +2 robe of resistance (527 gold, have
                  | 79).
  1829 | D:3      | 1829 ||| Stepping ~*~*~tactically~*~*~ (stealth).
  2040 | D:3      | 2040 ||| Stepping ~*~*~tactically~*~*~ (hiding).
  2047 | D:3      | HP: 11/45 [gnoll/+0 spear (6)]
  2048 | D:3      | 2048 ||| READING 2 scrolls of teleportation.
  2050 | D:3      | HP: 4/45 [gnoll/+0 spear (5)]
  2061 | D:3      | 2061 ||| READING scroll of teleportation.
  2410 | D:3      | 2410 ||| Stepping ~*~*~tactically~*~*~ (stealth).
  2549 | D:3      | Found Bibeyc's Jewellery Boutique.
  2560 | D:3      | 2560 ||| SHOPLISTING +4 ring of evasion (396 gold, have
                  | 106).
  2560 | D:3      | 2560 ||| SHOPLISTING +6 ring of dexterity (396 gold, have
                  | 106).
  2560 | D:3      | 2560 ||| SHOPLISTING +6 ring of strength (396 gold, have
                  | 106).
  2560 | D:3      | 2560 ||| SHOPLISTING ring of fire (275 gold, have 106).
  2560 | D:3      | 2560 ||| SHOPLISTING ring of resist corrosion (220 gold,
                  | have 106).
  2599 | D:3      | Found an ancient bone altar of Kikubaaqudgha.
  2628 | D:3      | Reached skill level 7 in Axes
  2653 | D:3      | 2653 ||| DROPPING +0 whip.
  2830 | D:3      | 2830 ||| UPGRADING to +0 pair of gloves.
  2835 | D:3      | 2835 ||| READING scroll labelled URROOCZETU.
  2836 | D:3      | 2836 ||| READING scroll labelled ATIGHA ZEUDGH.
  2851 | D:4      | 2851 ||| Stepping ~*~*~tactically~*~*~ (stealth).
  2912 | D:4      | 2912 ||| Stepping ~*~*~tactically~*~*~ (stealth).
  2922 | D:4      | Reached XP level 6. HP: 52/52 MP: 5/5
  3119 | D:4      | Found a basalt altar of Yredelemnul.
  3189 | D:4      | 3189 ||| UPGRADING to +0 chain mail.
  3223 | D:4      | 3223 ||| DROPPING +0 scale mail.
  3224 | D:4      | 3224 ||| UPGRADING to +0 cloak.
  3435 | D:4      | Found an ornate altar of the Wu Jian Council.
  3474 | D:4      | Found an iron altar of Okawaru.
  3525 | D:4      | Found Fymnuck's General Store.
  3528 | D:4      | Noticed Edmund
  3538 | D:4      | HP: 11/48 [Edmund/+3 flail of draining (12)]
  3539 | D:4      | Killed Edmund
  3540 | D:4      | Reached skill level 8 in Axes
  3542 | D:4      | HP: 5/52 [poisoned by a goblin]
  3832 | D:4      | 3832 ||| DROPPING +0 flail.
  3971 | D:4      | 3971 ||| UPGRADING to amulet of guardian spirit.
  3976 | D:4      | 3976 ||| DROPPING ring of flight.
  3977 | D:4      | 3977 ||| READING scroll labelled ONICVO HUUCW.
  3978 | D:4      | 3978 ||| Stepping randomly (stuck).
  3979 | D:4      | 3979 ||| Stepping ~*~*~tactically~*~*~ (cloud).
  4183 | D:5      | Entered Level 5 of the Dungeon
  4221 | D:5      | Reached skill level 9 in Axes
  4221 | D:5      | Reached XP level 7. HP: 59/59 MP: 6/6
  4258 | D:5      | 4258 ||| FLEEEEING.
  4259 | D:5      | 4259 ||| FLEEEEING.
  4260 | D:5      | 4260 ||| FLEEEEING.
  4263 | D:5      | 4263 ||| FLEEEEING.
  4264 | D:5      | 4264 ||| FLEEEEING.
  4342 | D:5      | 4342 ||| Stepping ~*~*~tactically~*~*~ (hiding).
  4456 | D:5      | 4456 ||| Stepping ~*~*~tactically~*~*~ (stealth).
  4467 | D:5      | 4467 ||| Stepping ~*~*~tactically~*~*~ (stealth).
  4468 | D:5      | Found a sparkling altar of Nemelex Xobeh.
  4468 | D:5      | Found a burning altar of Makhleb.
  4468 | D:5      | Found a bloodstained altar of Trog.
  4535 | D:5      | Reached skill level 10 in Axes
  4539 | D:5      | Reached skill level 1 in Throwing
  4539 | D:5      | Reached XP level 8. HP: 41/68 MP: 4/7
  4572 | D:5      | 4572 ||| FLEEEEING.
  4626 | D:5      | 4626 ||| FLEEEEING.
  4803 | D:5      | 4803 ||| Stepping ~*~*~tactically~*~*~ (stealth).
  4804 | D:5      | 4804 ||| Stepping ~*~*~tactically~*~*~ (stealth).
  4812 | D:5      | 4812 ||| Stepping ~*~*~tactically~*~*~ (stealth).
  4818 | D:5      | 4818 ||| Stepping ~*~*~tactically~*~*~ (stealth).
  4822 | D:5      | Reached skill level 6 in Fighting
  4851 | D:5      | 4851 ||| DROPPING +3 flail of draining.
  4898 | D:5      | 4898 ||| Stepping ~*~*~tactically~*~*~ (stealth).
  4899 | D:5      | 4899 ||| Stepping ~*~*~tactically~*~*~ (stealth).
  4900 | D:5      | 4900 ||| Stepping ~*~*~tactically~*~*~ (stealth).
  4901 | D:5      | 4901 ||| Stepping ~*~*~tactically~*~*~ (stealth).
  4929 | D:5      | 4929 ||| Stepping ~*~*~tactically~*~*~ (stealth).
  4930 | D:5      | 4930 ||| Stepping ~*~*~tactically~*~*~ (stealth).
  4931 | D:5      | 4931 ||| Stepping ~*~*~tactically~*~*~ (stealth).
  5157 | D:5      | 5157 ||| READING 3 scrolls labelled DICUN BYXENN.
  5158 | D:5      | 5158 ||| READING 2 scrolls of identify.
  5158 | D:5      | 5158 ||| IDENTIFYING clear potion
  5159 | D:5      | 5159 ||| DROPPING potion of invisibility.
  5160 | D:5      | 5160 ||| DROPPING 2 scrolls of butterflies.
  5206 | D:4      | 5206 ||| READING scroll of teleportation.
  5300 | D:4      | 5300 ||| SHOPLISTING +3 pair of seven-league boots
                  | {Rampage+∞} (520 gold, have 340).
  5300 | D:4      | 5300 ||| BUYING scroll of teleportation (39 gold).
  5300 | D:4      | Bought a scroll of teleportation for 39 gold pieces
  5300 | D:4      | 5300 ||| READING scroll of teleportation.
  5433 | D:6      | Reached skill level 11 in Axes
  5498 | D:6      | Found a radiant altar of Vehumet.
  5971 | D:6      | 5971 ||| Stepping ~*~*~tactically~*~*~ (hiding).
  5972 | D:6      | 5972 ||| Stepping ~*~*~tactically~*~*~ (hiding).
  5973 | D:6      | 5973 ||| Stepping ~*~*~tactically~*~*~ (hiding).
  5974 | D:6      | 5974 ||| Stepping ~*~*~tactically~*~*~ (hiding).
  5975 | D:6      | 5975 ||| Stepping ~*~*~tactically~*~*~ (hiding).
  6110 | D:6      | 6110 ||| Stepping ~*~*~tactically~*~*~ (stealth).
  6118 | D:6      | 6118 ||| Stepping ~*~*~tactically~*~*~ (stealth).
  6121 | D:6      | Found Dilulak's Self-Improvement Boutique.
  6122 | D:6      | 6122 ||| Stepping ~*~*~tactically~*~*~ (stealth).
  6128 | D:6      | 6128 ||| Stepping ~*~*~tactically~*~*~ (stealth).
  6270 | D:6      | Identified the +11 great sword of Exquisite Torment
                  | {vorpal, *Noise Will++}
  6464 | D:6      | 6464 ||| DROPPING scarf of harm.
  6465 | D:6      | 6465 ||| READING scroll labelled ULUARU ISIYP.
  6497 | D:7      | 6497 ||| STAIRDANCE
  6497 | D:7      | Noticed Pikel
  6504 | D:7      | 6504 ||| STAIRDANCE
  6550 | D:7      | 6550 ||| STAIRDANCE
  6560 | D:6      | Killed Pikel
  6561 | D:6      | Reached skill level 12 in Axes
  6561 | D:6      | Reached XP level 9. HP: 36/75 MP: 3/8
  6913 | D:7      | Found a staircase to the Ecumenical Temple.
  6914 | D:7      | 6914 ||| PLANNING TEMPLE
  6914 | D:7      | 6914 ||| READING 2 scrolls of identify.
  6914 | D:7      | 6914 ||| IDENTIFYING pink potion
  6915 | D:7      | 6915 ||| DROPPING potion of flight.
  6936 | Temple   | Entered the Ecumenical Temple
  6937 | Temple   | 6937 ||| READING scroll of teleportation.
  6938 | Temple   | 6938 ||| PLANNING D:1-11
  7218 | D:7      | Reached skill level 13 in Axes
  7352 | D:7      | Noticed Joseph
  7353 | D:7      | 7353 ||| Stepping ~*~*~tactically~*~*~ (hiding).
  7368 | D:7      | Killed Joseph
  7511 | D:7      | Noticed Maggie
  7531 | D:7      | Killed Maggie
  7532 | D:7      | Reached skill level 6 in Shields
  7728 | D:7      | 7728 ||| SWAPPING to +1 broad axe of flaming.
  7729 | D:7      | 7729 ||| DROPPING +0 flail of protection.
  7730 | D:7      | 7730 ||| DROPPING +0 war axe.
  7896 | D:7      | Found a white marble altar of Elyvilon.
  7985 | D:7      | 7985 ||| UPGRADING to +0 swamp dragon scales.
  8005 | D:8      | 8005 ||| STAIRDANCE
  8037 | D:8      | 8037 ||| STAIRDANCE
  8043 | D:7      | Reached skill level 3 in Dodging
  8043 | D:7      | Reached XP level 10. HP: 61/90 MP: 5/9
  8162 | D:8      | 8162 ||| STAIRDANCE
  8232 | D:8      | 8232 ||| Stepping ~*~*~tactically~*~*~ (stealth).
  8421 | D:8      | Reached skill level 14 in Axes
  8446 | D:8      | 8446 ||| FLEEEEING.
  8447 | D:8      | 8447 ||| FLEEEEING.
  8604 | D:8      | 8604 ||| FLEEEEING.
  8605 | D:8      | 8605 ||| FLEEEEING.
  8772 | D:8      | 8772 ||| Stepping ~*~*~tactically~*~*~ (hiding).
  8773 | D:8      | 8773 ||| Stepping ~*~*~tactically~*~*~ (hiding).
  8775 | D:8      | 8775 ||| Stepping ~*~*~tactically~*~*~ (hiding).
  8826 | D:8      | Found a sacrificial altar of Ru.
  8831 | D:8      | Became a worshipper of Ru the Awakened
  8842 | D:8      | Found an opulent altar of Gozag.
  8865 | D:8      | 8865 ||| FLEEEEING.
  8866 | D:8      | 8866 ||| FLEEEEING.
  8867 | D:8      | 8867 ||| FLEEEEING.
  8947 | D:8      | Found a staircase to the Lair.
  8957 | D:8      | 8957 ||| Stepping ~*~*~tactically~*~*~ (water).
  8967 | D:8      | Reached skill level 15 in Axes
  9193 | D:8      | 9193 ||| FLEEEEING.
  9201 | D:8      | 9201 ||| STAIRDANCE
  9250 | D:7      | 9250 ||| UPGRADING to ring of positive energy.
  9251 | D:7      | 9251 ||| READING scroll labelled ONUCHY SYAMIBB.
  9252 | D:7      | 9252 ||| READING scroll labelled WAEFROD OKHLYCU.
  9253 | D:7      | 9253 ||| READING scroll labelled MEPAUXKIENE.
  9254 | D:7      | 9254 ||| READING 2 scrolls of identify.
  9254 | D:7      | 9254 ||| IDENTIFYING bubbling brown potion
  9255 | D:7      | 9255 ||| DROPPING potion of lignification.
  9296 | D:8      | 9296 ||| FLEEEEING.
  9297 | D:8      | 9297 ||| FLEEEEING.
  9298 | D:8      | 9298 ||| FLEEEEING.
  9306 | D:8      | 9306 ||| STAIRDANCE
  9383 | D:8      | Reached skill level 9 in Fighting
  9514 | D:8      | Found a snail-covered altar of Cheibriados.
  9571 | D:9      | Found a staircase to the Orcish Mines.
  9574 | D:9      | Noticed Erolcha
  9583 | D:9      | HP: 18/89 [wight/+3 spear (6)]
  9584 | D:9      | 9584 ||| READING scroll of teleportation.
  9584 | D:9      | HP: 6/88 [something (13)]
  9584 | D:9      | HP: 1/88 [wight/+2 battleaxe (5)]
  9585 | D:9      | 9585 ||| DRINKING 2 potions of heal wounds.
  9585 | D:9      | Noticed a two-headed ogre
  9585 | D:9      | Annihilated by Erolcha

Levels and vault maps discovered:
D:1:      dpeg_chamrin_arrival_tetris, layout_basic, st_stairs_2, hex_tiny,
          minmay_misc_feat_nine_boxes
D:2:      layout_rooms, hellmonk_ecumenical_altar_watching_god
D:3:      layout_basic, lemuel_zombie_altar_kikubaaqudgha, serial_shops, shop,
          nicolae_shop_waterfront
D:4:      layout_rooms, general_overflow_altar, amcnicky_altar_gilded,
          lemuel_tele_altar, minmay_liquid_box, grunt_decor_clamped,
          minmay_misc_feat_room, minmay_curled_crystal, nicolae_take_the_stairs,
          st_stairs_4, kennysheep_generic_room_10, uniq_edmund
D:5:      layout_cave_pools, gammafunk_temple_overflow_forgotten,
          serial_bayou_lagoon_b
D:6:      layout_layer_cave, vehumet_altar_wand_db, nicolae_shop_self_help
D:7:      layout_basic, elyvilon_altar_5, minmay_temple_entry_trees, uniq_pikel,
          uniq_joseph, uniq_maggie
D:8:      layout_basic, grunt_gozag_statues, kennysheep_little_box,
          mainiacjoe_overflow_alcove_2, erik_lair_island
D:9:      layout_rooms, tso_altar, minitemple, orc_0_dummy, minivault_24,
          uniq_erolcha, uniq_grum
Temple:   hellmonk_temple_micro_hex

Skill      XL: |  1  2  3  4  5  6  7  8  9 10 |
---------------+-------------------------------+-----
Axes           | 3 4 5 6 7 9 10 12 13 15 | 15.3
Dodging        | 1 2 3 |  3.4
Fighting       | 4 5 6 8 9 |  9.0
Throwing       | 1 |  1.8
Armour         | 4 5 |  5.0
Shields        | 4 6 |  6.0

Action                   |  1- 3 |  4- 6 |  7- 9 | 10-12 || total
-------------------------+-------+-------+-------+-------++-------
Melee: War axe           |    99 |   126 |   169 |       ||   394
       Headbutt          |    12 |    12 |    35 |    12 ||    71
       Broad axe         |       |       |    23 |    80 ||   103
Throw: Boomerang         |       |    24 |    49 |    18 ||    91
  Use: Scroll            |     1 |     8 |     7 |     5 ||    21
       Potion            |       |     2 |       |     1 ||     3
Armor: Scale mail        |    41 |    34 |       |       ||    75
       Chain mail        |       |    12 |   107 |       ||   119
       Swamp dragon scal |       |       |       |    34 ||    34
Dodge: Dodged            |    35 |    41 |    91 |    48 ||   215
Block: Buckler           |    27 |    26 |    43 |    17 ||   113

Table legend:
 A = Non-vault XP
 B = Vault XP
 C = Vault XP percentage of total XP
 D = Non-vault monster count
 E = Vault monster count
 F = Vault count percentage of total count
                 A         B        C        D         E       F
            +---------+---------+-------+---------+---------+-------
      Total |    5929 |    2522 |  29.8 |     180 |      24 |  11.8
            +---------+---------+-------+---------+---------+-------
        D:1 |      51 |       2 |   3.8 |      27 |       2 |   6.9
        D:2 |      49 |       0 |   0.0 |      16 |       0 |   0.0
        D:3 |     210 |       8 |   3.7 |      24 |       5 |  17.2
        D:4 |     182 |     223 |  55.1 |      22 |       5 |  18.5
        D:5 |    1177 |       0 |   0.0 |      24 |       0 |   0.0
        D:6 |     719 |     643 |  47.2 |      14 |       2 |  12.5
        D:7 |    1809 |     829 |  31.4 |      23 |       2 |   8.0
        D:8 |    1289 |     817 |  38.8 |      23 |       8 |  25.8
        D:9 |     443 |       0 |   0.0 |       7 |       0 |   0.0
            +---------+---------+-------+---------+---------+-------
